 Dungeon Crawl Stone Soup version 0.30-a0-613-gdd512c7efb (webtiles) character file.

Game seed: 13873719536887379312

1349 mandoloar the Shield-Bearer (level 8, -1/70 HPs)
             Began as a Minotaur Fighter on Jan 8, 2023.
             Slain by a sky beast (6 damage)
             ... on level 6 of the Dungeon.
             The game lasted 00:13:04 (5375 turns).

mandoloar the Shield-Bearer (Minotaur Fighter)      Turns: 5375, Time: 00:13:05

Health: -1/70      AC:  8    Str: 23    XL:     8   Next: 36%
Magic:  7/7        EV:  9    Int:  5    God:
Gold:   222        SH:  9    Dex: 10    Spells: 7/7 levels left

rFire   . . .      SeeInvis .    a - +5 hand axe
rCold   . . .      Faith    .    r - +0 kite shield
rNeg    . . .      Spirit   .    b - +0 scale mail
rPois   .          Reflect  .    (helmet restricted)
rElec   .          Harm     .    l - +0 cloak
rCorr   .          Rampage  .    (no gloves)
Will    .....                    (no boots)
Stlth   +                        (no amulet)
HPRegen 0.31/turn                (no ring)
MPRegen 0.10/turn                (no ring)

@: mighty
A: horns 2, retaliatory headbutt
a: no special abilities


You were on level 6 of the Dungeon.
You visited 1 branch of the dungeon, and saw 6 of its levels.

You collected 312 gold pieces.
You spent 90 gold pieces at shops.

Inventory:

Hand Weapons
 a - a +5 hand axe (weapon)
Missiles
 h - 47 stones (quivered)
 w - a throwing net
Armour
 b - a +0 scale mail (worn)
 l - a +0 cloak (worn)
 r - a +0 kite shield (worn)
Jewellery
 f - a ring of magical power
Wands
 e - a wand of polymorph (12)
 o - a wand of flame (15)
Scrolls
 j - 3 scrolls of blinking
 q - 6 scrolls of identify
 u - a scroll of amnesia
Potions
 c - a potion of haste {unknown}
 d - a potion of might
 g - a potion of cancellation
 i - a potion of magic
 k - a potion of flight
 m - a potion of invisibility
 p - a potion of curing {unknown}
 s - 2 potions of brilliance
 t - a potion of berserk rage
 v - a potion of resistance {unknown}


   Skills:
 + Level 6.2 Fighting
 + Level 5.4 Axes
 + Level 6.0 Armour
 + Level 4.4 Dodging
 + Level 3.4 Stealth
 + Level 6.2 Shields


You had 7 spell levels left.
You didn't know any spells.
Your spell library contained the following spells:

 Spells                   Type           Power      Damage    Failure   Level
 Beastly Appendage        Tmut           0%         N/A       98%         1
 Necrotise                Necr           0%         1d4       98%         1
 Blink                    Tloc           0%         N/A       99%         2
 Wereblood                Tmut           0%         N/A       99%         2
 Ozocubu's Armour         Ice            0%         N/A       100%        3
 Spider Form              Tmut/Pois      0%         N/A       100%        3
 Vampiric Draining        Necr           0%         2d6       100%        3
 Manifold Assault         Tloc           0%         N/A       100%        4
 Agony                    Necr           0%         N/A       100%        5
 Ozocubu's Refrigeration  Ice            0%         4d7       100%        7
 Storm Form               Tmut/Air       0%         N/A       100%        7


Dungeon Overview and Level Annotations

Branches:
Dungeon (6/15)
 Temple: D:4-7

Altars:
Fedhas

Shops:
D:1 *   D:3 !   D:4 =

Annotations:
D:5 exclusion: oklob plant
D:6 Grinder


Innate Abilities, Weirdness & Mutations

You have a pair of horns on your head.
You reflexively headbutt those who attack you in melee.


Message History

Really walk into that cloud of steam?
Okay, then.
You are too injured to fight recklessly!
You are too injured to fight recklessly!
You are too injured to fight recklessly!
You hit the wight.
The wight is moderately damaged.
Grinder comes into view.
You block the wight's attack.
You slash the wight!
The wight is severely damaged.
The wight hits you but does no damage.
The wight hits you with a +4 long sword!
* * * LOW HITPOINT WARNING * * *
You feel drained.
* * * LOW HITPOINT WARNING * * *
You closely miss the wight.
The wight is severely damaged.
An orc comes into view. It is wielding a +0 hand axe.
The wight barely misses you.
You slash the wight!
You destroy the wight!
You block the hound's attack.
Your life force feels restored.
Your Armour skill increases to level 6!
You slash the hound! You headbutt the hound.
You kill the hound!
An iguana comes into view.
You feel very mighty all of a sudden. Grinder hits you.
* * * LOW HITPOINT WARNING * * *
You writhe in agony.
* * * LOW HITPOINT WARNING * * *
You barely miss Grinder. Your headbutt misses Grinder.
Grinder hits you but does no damage.
You barely miss Grinder.
Grinder blinks!
You slash something! You block something's attack. Something hits you.
* * * LOW HITPOINT WARNING * * *
Something shocks you.
You die...

##################
.................#
...............#.#######
####.......#..........
####.#####.#...######.
#....@.........######.
#.##{#####†...........
#.##l..# ###.#.######.
#....#.# #.#.# #.
#..#....c# #.#.# #.
#....###........# ##
#..#. .#.##.### #..(..
......# #.#..( ..#..#


You could see an iguana.

Vanquished Creatures
  A steam dragon (D:6)
  A water moccasin (D:5)
  Pargi (D:4)
  A centaur (D:6)
  An ogre (D:4)
  A bullfrog (D:6)
  A necrophage (D:6)
  4 scorpions
  A wight (D:6)
  A howler monkey (D:4)
  2 jellies
  2 hounds
  An iguana (D:4)
  Robin (D:4)
  4 gnolls (D:4)
  8 adders
  A shadow imp (D:5)
  2 ufetubi (D:5)
  A worm (D:3)
  5 dart slugs
  6 orcs
  7 bats
  9 endoplasms
  5 giant cockroaches
  8 goblins
  12 hobgoblins
  4 jackals (D:4)
  6 quokkas
  3 ball pythons
  5 frilled lizards
  13 kobolds
  2 rats (D:1)
120 creatures vanquished.

Notes
Turn   | Place    | Note
-------+----------+-------------------------------------------
     0 | D:1      | mandoloar the Minotaur Fighter began the quest for the Orb.
     0 | D:1      | Reached XP level 1. HP: 19/19 MP: 0/0
   257 | D:1      | Reached XP level 2. HP: 27/27 MP: 1/1
   362 | D:1      | Found Ydghijir's Assorted Antiques.
   411 | D:1      | Found a faded altar of an unknown god.
   861 | D:2      | Reached skill level 1 in Dodging
   939 | D:2      | Reached XP level 3. HP: 32/33 MP: 2/2
  1695 | D:2      | Reached skill level 1 in Stealth
  1815 | D:2      | You fall into a shaft and drop 1 floor!
  1968 | D:3      | Found Nuzat's Distillery.
  1990 | D:3      | Reached XP level 4. HP: 39/40 MP: 3/3
  2873 | D:1      | Bought a kite shield for 90 gold pieces
  3120 | D:4      | Noticed Robin
  3120 | D:4      | Noticed an ogre
  3163 | D:4      | Found Awnipaoj's Jewellery Shop.
  3182 | D:4      | Reached XP level 5. HP: 47/47 MP: 4/4
  3434 | D:4      | Killed Robin
  3562 | D:4      | Reached XP level 6. HP: 55/55 MP: 5/5
  3684 | D:4      | Noticed Pargi
  3700 | D:4      | Killed Pargi
  3703 | D:4      | Reached skill level 5 in Fighting
  3753 | D:4      | Reached skill level 5 in Shields
  4118 | D:5      | Entered Level 5 of the Dungeon
  4154 | D:5      | Reached skill level 5 in Armour
  4154 | D:5      | Reached XP level 7. HP: 61/61 MP: 6/6
  4369 | D:5      | Found a blossoming altar of Fedhas.
  4391 | D:5      | Noticed an oklob plant
  5303 | D:6      | Reached skill level 5 in Axes
  5344 | D:6      | Noticed a steam dragon
  5357 | D:6      | Reached XP level 8. HP: 57/70 MP: 7/7
  5367 | D:6      | Noticed Grinder
  5375 | D:6      | Slain by a sky beast

Illustrated notes

Levels and vault maps discovered:
D:1:      dpeg_arrival_triangle_fractal, layout_loops_ring, serial_shops,
          nicolae_shop_hallway_stairs, hellmonk_ecumenical_altar_inner_sanctum,
          dk_noncrumbling_4
D:2:      layout_loops_ring, st_stairs_8
D:3:      layout_loops_ring, serial_shops, shop_statue, minmay_puff
D:4:      layout_rooms, serial_shops, shop_statue, portal_sewer_entry_e,
          uniq_robin, uniq_pargi
D:5:      layout_rooms, tgw_fedhas
D:6:      layout_loops_ring, nicolae_overflow_crystal_walls, skrybe_limestone_x,
          minmay_fractal_squares_5, uniq_pikel, uniq_grinder

Skill      XL: |  1  2  3  4  5  6  7  8 |
---------------+-------------------------+-----
Dodging        | 1 2 3 4 |  4.4
Axes           | 3 4 5 |  5.4
Shields        | 4 5 6 |  6.2
Fighting       | 4 5 6 |  6.2
Armour         | 4 5 6 |  6.0
Stealth        | 1 2 3 |  3.4

Action                   |  1- 3 |  4- 6 |  7- 9 || total
-------------------------+-------+-------+-------++-------
Melee: War axe           |    73 |       |       ||    73
       Headbutt          |     8 |    16 |    12 ||    36
       Hand axe          |    16 |   125 |    59 ||   200
Throw: Dart              |       |       |     3 ||     3
  Use: Scroll            |     7 |     7 |       ||    14
       Potion            |       |     1 |     1 ||     2
Armor: Scale mail        |    45 |    57 |    21 ||   123
Dodge: Dodged            |    47 |    48 |    26 ||   121
Block: Buckler           |    21 |     8 |       ||    29
       Kite shield       |       |    48 |    33 ||    81

Table legend: (Time is in decaauts)
 A = Elapsed time spent in this place.
 B = Non-inter-level travel time spent in this place.
 C = Inter-level travel time spent in this place.
 D = Time resting spent in this place.
 E = Time spent auto-exploring this place.
 F = Levels seen in this place.
 G = Mean time per level.
                   A        B        C        D        E       F      G
               +--------+--------+--------+--------+--------+-----+--------+
         Total |   5461 |   5020 |    441 |   1002 |   3127 |   6 |  910.2 |
       Dungeon |   5461 |   5020 |    441 |   1002 |   3127 |   6 |  910.2 |
               +--------+--------+--------+--------+--------+-----+--------+

Top non-repeatable levels by time:
     D:2: 1158 daAuts
     D:1: 1034 daAuts
     D:3: 1011 daAuts
     D:4: 1010 daAuts
     D:5: 982 daAuts
     D:6: 263 daAuts
